 Dungeon Crawl Stone Soup version 0.25.1-9-gc5326a611f (webtiles) character file.

Game seed: 8237480401355027429

6576 Johnny the Thaumaturge (level 10, -5/67 HPs)
             Began as a Deep Elf Earth Elementalist on Mar 15, 2021.
             Was an Elder of Okawaru.
             Collided with a rock wall (17 damage)
             ... caused by a wretched star
             ... on level 2 of the Abyss.
             The game lasted 00:13:20 (10952 turns).

Johnny the Thaumaturge (DEEE)                      Turns: 10952, Time: 00:13:21

Health: -5/67      AC:  5    Str:  1    XL:     10   Next: 71%
Magic:  19/19      EV: 10    Int: 26    God:    Okawaru [****..]
Gold:   208        SH:  0    Dex: 17    Spells: 17/30 levels left

rFire    . . .     SeeInvis +   q - +8 short sword "Impslayer" {vorpal, Dex+2 Stlth+}
rCold    . . .     Gourm    .   (no shield)
rNeg     + . .     Faith    .   z - +0 leather armour of the Arcane {rCorr Slay+4 SInv Stlth-}
rPois    .         Spirit   .   (no helmet)
rElec    .         Reflect  .   (no cloak)
rCorr    +         Harm     .   x - +0 pair of gloves
MR       +....                  k - +0 pair of boots
Stlth    ++........             (no amulet)
HPRegen  0.21/turn              C - +6 ring of intelligence
MPRegen  0.16/turn              f - ring of positive energy

@: about to teleport
A: [blurry vision 2], [dopey 2], [low mp 3], [screaming 2], [weak 2]
a: Heroism, Renounce Religion


You were on level 2 of the Abyss.
You worshipped Okawaru.
Okawaru was greatly pleased with you.
You were not hungry.

You visited 2 branches of the dungeon, and saw 9 of its levels.
You visited the Abyss 1 time.
You also visited: Sewer and Bailey.

You collected 350 gold pieces.
You spent 142 gold pieces at shops.

Inventory:

Hand Weapons
 p - a +1 mace of draining
 q - the +8 short sword "Impslayer" (weapon) {vorpal, Dex+2 Stlth+}
   (You found it on level 6 of the Dungeon)

   It inflicts extra damage upon your enemies.
   It affects your dexterity (+2).
   It makes you more stealthy.
 K - the +1 battleaxe of Eqawuosch {vorpal, Str+5 Dex+3, unknown}
   (You found it in a bailey)

   It inflicts extra damage upon your enemies.
   It affects your strength (+5).
   It affects your dexterity (+3).
Missiles
 b - 43 stones (quivered)
Armour
 c - a +0 robe
 k - a +0 pair of boots (worn)
 x - a +0 pair of gloves (worn)
 z - the +0 leather armour of the Arcane (worn) {rCorr Slay+4 SInv Stlth-}
   (You found it on level 4 of the Dungeon)

   It affects your accuracy and damage with ranged weapons and melee attacks
   (+4).
   It lets you see invisible.
   It provides partial protection from all sources of acid and corrosion.
   It makes you less stealthy.
Jewellery
 f - a ring of positive energy (right hand)
 t - an uncursed ring of stealth
 B - a +6 ring of dexterity {unknown}
 C - a +6 ring of intelligence (left hand)
 L - an uncursed ring of stealth
Wands
 F - a wand of flame (1)
Scrolls
 e - 2 scrolls of fog
 g - 2 scrolls of remove curse
 l - 4 scrolls of teleportation
 m - a scroll of immolation
 n - 5 scrolls of magic mapping
 y - 2 scrolls of noise
 A - 2 scrolls of blinking
 D - 4 scrolls of enchant armour
Potions
 a - a potion of invisibility
 h - a potion of haste {unknown}
 i - a potion of berserk rage {unknown}
 j - 3 potions of curing
 o - a potion of ambrosia {unknown}
 r - 3 potions of heal wounds
 s - a potion of magic {unknown}
 u - a potion of lignification {unknown}
 v - a potion of flight
 w - 4 potions of brilliance {unknown}
 E - a potion of resistance
 G - a potion of might {unknown}
 H - 2 potions of stabbing {unknown}
 I - 2 potions of experience {unknown}
Miscellaneous
 J - a phial of floods (inert)
Comestibles
 d - 9 rations


   Skills:
 * Level 9.7 Fighting
 - Level 2.4 Dodging
 - Level 2.4 Stealth
 + Level 10.9 Spellcasting
 - Level 1.1 Transmutations
 + Level 9.6 Earth Magic


You had 17 spell levels left.
You knew the following spells:

 Your Spells              Type           Power        Failure   Level  Hunger
a - Sandblast             Erth           ######       1%          1    None
b - Stone Arrow           Conj/Erth      #####.       4%          3    None
c - Lee's Rapid Deconstr  Erth           ######....   6%          5    ###....
d - Petrify               Tmut/Erth      #####...     13%         4    None

Your spell library contained the following spells:

 Spells                   Type           Power        Failure   Level  Hunger
 Passwall                 Tmut/Erth      #####...     1%          2    None


Dungeon Overview and Level Annotations

Branches:
Dungeon (8/15)             Temple (1/1) D:5           Sewer (visited)
 Bailey (visited)
   Lair: D:8-11

Altars:
Ashenzari
Cheibriados
Dithmenos
Elyvilon
Fedhas
Gozag
Hepliaklqana
Kikubaaqudgha
Makhleb
Nemelex Xobeh
Okawaru
Qazlal
Sif Muna
Trog
Uskayaw
Vehumet
Wu Jian
Xom
Yredelemnul
Zin
The Shining One

Shops:
D:6 }?}=   D:7 !

Annotations:
D:8 Harold, Psyche


Innate Abilities, Weirdness & Mutations

[Scrolls take you longer to read.]
[You are very dopey. (Int -4)]
[Your magical capacity is extremely low. (-30% MP)]
[You sometimes yell uncontrollably at your foes.]
[You are very weak. (Str -4)]


Message History

The wretched star pulses with an eldritch light!
You feel weaker. x2; Your vision blurs. x2
A white imp comes into view.
The ufetubus closely misses you.
The ufetubus hits you but does no damage.
A quasit comes into view.
A neqoxec comes into view.
The ufetubus hits you but does no damage.
The ufetubus barely misses you.
A ynoxinul comes into view.
The ynoxinul bellows!
The ynoxinul gestures.
The ufetubus hits you. x2
The ufetubus disappears in a puff of smoke!
The wretched star glows turbulently.
The lance of force hits you!!
* * * LOW HITPOINT WARNING * * *
You are knocked back by the lance of force.
You slam into the rock wall!
You die...

# ... .##.# ## . #.#.
..#..#...# . .## ...# ?
...X.###.####§##..# ..##.
#.....#5.......#..
#..........55.#5.........
#.###...#...*#####.#...#.#
#..#. #.###....5..##....
R.#.## #.#..5........#
#.##...### #.@#.#...##..
..# # ### #...#..#5## .§
.# #....###..5 X§ # #..##.
§... . ... .. ###. .#.# ..
## .... ... #.### #..


You could see a wretched star, a large abomination (wandering) and 3 ufetubi.

Vanquished Creatures
  An orc warlord (Bailey)
  A two-headed ogre (D:8)
  Pikel (D:5)
  A smoke demon (Abyss:2)
  Grinder (D:6)
  A raiju (Abyss:2)
  2 hippogriffs (D:7)
  A hungry ghost (D:7)
  Menkaure (D:7)
  An ice beast (D:5)
  3 sky beasts
  A black bear (D:2)
  3 orc warriors
  5 ogres
  5 centaurs
  A big kobold (Sewer)
  2 bullfrogs (D:6)
  A scorpion (D:6)
  3 killer bees (D:5)
  A water moccasin skeleton (D:4)
  2 crimson imps
  A bullfrog zombie (D:5)
  2 hounds
  2 bullfrog skeletons
  2 jellies
  6 orc wizards
  3 iguanas
  Natasha (twice) (D:2)
  Terence (D:2)
  A worker ant (D:5)
  A killer bee zombie (D:5)
  3 hound zombies
  A worker ant zombie (D:6)
  8 adders
  7 gnolls
  3 river rats (Sewer)
  2 shadow imps (D:7)
  An ooze (D:2)
  An adder zombie (D:5)
  2 adder skeletons (D:4)
  4 dart slugs
  4 worms
  8 leopard geckos
  31 orcs
  6 giant cockroaches
  10 hobgoblins
  14 jackals
  25 kobolds
  3 quokkas
  A ball python (D:4)
  8 bats
  3 frilled lizards
  9 goblins
  A leopard gecko zombie (D:8)
  6 rats
220 creatures vanquished.

Vanquished Creatures (others)
  A worm (D:5)
1 creature vanquished.

Grand Total: 221 creatures vanquished

Notes
Turn   | Place    | Note
-------+----------+-------------------------------------------
     0 | D:1      | Johnny the Deep Elf Earth Elementalist began the quest for
                  | the Orb.
     0 | D:1      | Reached XP level 1. HP: 10/10 MP: 6/6
   791 | D:2      | Reached XP level 2. HP: 16/16 MP: 6/8
   792 | D:2      | Reached skill level 1 in Fighting
   865 | D:2      | Reached XP level 3. HP: 20/20 MP: 7/10
  1450 | D:2      | Noticed Natasha
  1454 | D:2      | Killed Natasha
  1454 | D:2      | Reached XP level 4. HP: 20/26 MP: 7/11
  1526 | D:2      | Noticed Natasha
  1529 | D:2      | Killed Natasha
  1529 | D:2      | Reached skill level 4 in Spellcasting
  1612 | D:2      | Noticed Terence
  1612 | D:2      | Noticed a black bear
  1619 | D:2      | Killed a black bear
  1619 | D:2      | Reached XP level 5. HP: 24/32 MP: 7/13
  1625 | D:2      | Killed Terence
  2520 | D:3      | Reached XP level 6. HP: 28/37 MP: 12/15
  2889 | D:3      | Learned a level 3 spell: Stone Arrow
  2992 | D:4      | Reached skill level 5 in Spellcasting
  3002 | D:4      | Reached skill level 5 in Earth Magic
  3023 | D:4      | Got a warped leather armour
  3034 | D:4      | Identified the +0 leather armour of the Arcane {rCorr
                  | Slay+4 SInv Stlth-} (You found it on level 4 of the
                  | Dungeon)
  3111 | D:4      | Reached XP level 7. HP: 19/43 MP: 14/17
  3342 | D:4      | Found a glowing drain.
  3365 | Sewer    | Entered a sewer
  3658 | Sewer    | Reached skill level 6 in Spellcasting
  3742 | Sewer    | Found a glowing silver altar of Zin.
  3870 | D:4      | Reached skill level 5 in Fighting
  4280 | D:4      | Found a snail-covered altar of Cheibriados.
  4280 | D:4      | Found a burning altar of Makhleb.
  4281 | D:4      | Found a shimmering blue altar of Sif Muna.
  4315 | D:5      | Entered Level 5 of the Dungeon
  4593 | D:5      | Reached XP level 8. HP: 45/49 MP: 15/20
  4983 | D:5      | Reached skill level 7 in Spellcasting
  5047 | D:5      | Found a staircase to the Ecumenical Temple.
  5065 | Temple   | Entered the Ecumenical Temple
  5291 | Temple   | Became a worshipper of Warmaster Okawaru
  5581 | D:5      | Learned a level 5 spell: Lee's Rapid Deconstruction
  5586 | D:5      | Learned a level 4 spell: Petrify
  5665 | D:5      | Noticed Pikel
  5978 | D:5      | Killed Pikel
  5978 | D:5      | Reached * piety under Okawaru
  5978 | D:5      | Reached skill level 8 in Spellcasting
  5978 | D:5      | Reached XP level 9. HP: 24/56 MP: 15/23
  6924 | D:6      | Found Yronnesh's Magic Scroll Emporium.
  6930 | D:6      | Bought a scroll of identify for 22 gold pieces
  6930 | D:6      | Bought a scroll of enchant armour for 82 gold pieces
  6930 | D:6      | Bought a scroll of magic mapping for 38 gold pieces
  6942 | D:6      | Found Zyxtaets's Gadget Shoppe.
  7215 | D:6      | Found Fimonnouph's Jewellery Emporium.
  7227 | D:6      | Got a crystal short sword
  7228 | D:6      | Identified the +8 short sword "Impslayer" {vorpal, Dex+2
                  | Stlth+} (You found it on level 6 of the Dungeon)
  7444 | D:6      | Noticed Grinder
  7453 | D:6      | Killed Grinder
  7453 | D:6      | Reached ** piety under Okawaru
  7656 | D:6      | Reached skill level 9 in Spellcasting
  8121 | D:6      | Found Lomyronk's Gadget Shop.
  8262 | D:7      | Found Muogeecu's Distillery.
  8333 | D:7      | Noticed Menkaure
  8384 | D:7      | Killed Menkaure
  8636 | D:7      | Found a flagged portal.
  8653 | Bailey   | Entered a bailey
  8749 | Bailey   | Noticed an orc warlord
  8818 | Bailey   | Reached *** piety under Okawaru
  8923 | Bailey   | Found a runed translucent gate.
  8926 | Bailey   | Found a runed translucent gate.
  8927 | Bailey   | Found a runed translucent gate.
  8977 | Bailey   | Reached XP level 10. HP: 61/65 MP: 2/25
  9658 | Bailey   | Killed an orc warlord
  9658 | Bailey   | Received a gift from Okawaru
  9658 | Bailey   | Reached skill level 10 in Spellcasting
  9821 | Bailey   | Got a translucent battleaxe
 10265 | D:8      | Noticed a two-headed ogre
 10277 | D:8      | Killed a two-headed ogre
 10277 | D:8      | Reached **** piety under Okawaru
 10289 | D:8      | Noticed Harold
 10800 | D:8      | Noticed Psyche
 10804 | D:8      | Paralysed by Psyche for 7 turns
 10810 | D:8      | Cast into level 2 of the Abyss (Psyche)
 10869 | Abyss:2  | Noticed a red draconian
 10908 | Abyss:2  | Noticed a smoke demon
 10910 | Abyss:2  | Noticed a great orb of eyes
 10915 | Abyss:2  | Killed a smoke demon
 10934 | Abyss:2  | Noticed a rakshasa
 10934 | Abyss:2  | Noticed a wretched star
 10952 | Abyss:2  | Collided with a rock wall

Illustrated notes

Levels and vault maps discovered:
D:1:      ebering_trefoil_3fold, layout_basic
D:2:      layout_loops_cross, uniq_terence, uniq_natasha
D:3:      corexii_shack_village, layout_rooms
D:4:      layout_cave_pools, gammafunk_temple_overflow_claw,
          gup_sewer_entry_glass
D:5:      layout_basic, minmay_temple_entry_overgrown, first_ration, uniq_pikel
D:6:      layout_basic, serial_shops,
          nicolae_shop_temple_entry_statues_fountains, kennysheep_little_box,
          nicolae_shop_statue_plus, nicolae_shop_competitors_out_of_business,
          uniq_grinder
D:7:      layout_cave_pools, enter_bailey_2, serial_shops, nicolae_shop_trees,
          uniq_menkaure
D:8:      layout_loops_ring, nicolae_ru_the_path_less_chosen, serial_shops,
          shop, biasface_ghost_orc_armoury, hangedman_ranch
          [blue_anna_fruit_fields], uniq_harold, uniq_psyche
Temple:   dpeg_five_rooms_temple
Abyss:2:  base: D:8, base: D:8, guppyfry_abyss_exit_spiral_guarded

Skill      XL: |  1  2  3  4  5  6  7  8  9 10 |
---------------+-------------------------------+-----
Fighting       | 1 2 3 4 5 6 8 9 |  9.7
Spellcasting   | 4 5 6 8 9 10 | 10.9
Earth Magic    | 4 5 6 7 8 9 |  9.6
Dodging        | |  2.4
Stealth        | |  2.4
Transmutations | |  1.1

Action                   |  1- 3 |  4- 6 |  7- 9 | 10-12 || total
-------------------------+-------+-------+-------+-------++-------
Melee: Unarmed           |    16 |    13 |       |       ||    29
       Trident           |       |    73 |       |       ||    73
       Long sword        |       |       |    29 |       ||    29
       Mace              |       |       |    60 |       ||    60
       Short sword       |       |       |    35 |    20 ||    55
 Cast: Sandblast         |    26 |    81 |   129 |    16 ||   252
       Stone Arrow       |       |       |    16 |    16 ||    32
       Lee's Rapid Decon |       |       |     1 |     1 ||     2
       Petrify           |       |       |       |    13 ||    13
Evoke: Wand              |       |       |     7 |    21 ||    28
       Phial of floods   |       |       |       |     1 ||     1
  Use: Scroll            |       |       |    13 |     2 ||    15
       Potion            |       |       |     2 |     5 ||     7
 Stab: Sleeping          |     1 |     7 |     1 |     1 ||    10
       Distracted        |       |     1 |       |       ||     1
  Eat: Chunk             |     1 |     6 |    11 |     4 ||    22
       Ration            |       |       |     2 |     1 ||     3
Armor: Robe              |     3 |    26 |       |       ||    29
       Leather armour    |       |     5 |    70 |    16 ||    91
Dodge: Dodged            |    14 |    95 |   199 |    43 ||   351
       Rpst.: Long sword |       |       |    13 |       ||    13
